 Dungeon Crawl Stone Soup version 0.21-a0-110-g8e1637b (webtiles) character file.

907 Manul the Cutter (level 8, -2/51 HPs)
             Began as a Halfling Artificer on July 7, 2017.
             Slain by Pikel
             ... wielding a +2 whip of electrocution
              (12 damage)
             ... on level 5 of the Dungeon.
             The game lasted 00:10:49 (9031 turns).

Manul the Cutter (Halfling Artificer)               Turns: 9031, Time: 00:10:50

Health: -2/51      AC:  7    Str: 12 (13) XL:     8   Next: 29%
Magic:  0/10       EV: 16    Int: 11      God:
Gold:   191        SH:  0    Dex: 17      Spells: 4/7 levels left

rFire    . . .     SeeInvis .   q - +2 rapier (holy)
rCold    . . .     Gourm    .   (shield restricted)
rNeg     . . .     Faith    .   t - +0 ring mail (curse)
rPois    .         Spirit   +   (no helmet)
rElec    .         Reflect  .   (no cloak)
rCorr    .         Harm     .   (no gloves)
MR       .....                  p - +1 pair of boots
Stlth    ++........             I - amulet of guardian spirit
HPRegen  0.17/turn              E - +2 ring of intelligence
MPRegen  0.12/turn              (no ring)

@: no status effects
A: mutation resistance 1
a: no special abilities


You were on level 5 of the Dungeon.
You were not hungry.

You visited 1 branch of the dungeon, and saw 5 of its levels.

You collected 191 gold pieces.

Inventory:

Hand Weapons
 a - a +0 short sword
 q - a +2 rapier of holy wrath (weapon)
 s - a +0 quarterstaff
 z - a +0 hunting sling
 D - a +1 rapier
Missiles
 A - 14 sling bullets
Armour
 b - a +0 leather armour
 p - a +1 pair of boots (worn)
 t - a cursed +0 ring mail (worn)
Jewellery
 E - a +2 ring of intelligence (left hand)
 I - an amulet of guardian spirit (around neck)
Wands
 c - a wand of flame (0/48)
 d - a wand of enslavement (15/24)
 e - a wand of random effects (5/48)
 o - a wand of flame (0/48)
 H - a wand of lightning (6/15)
Scrolls
 g - 4 scrolls of remove curse
 h - a scroll of amnesia
 i - 2 scrolls of identify
 y - a scroll of noise
Potions
 j - a potion of agility
 l - a potion of curing
 n - a potion of haste {unknown}
 r - a potion of degeneration
 w - a potion of mutation {unknown}
 x - a potion of heal wounds {unknown}
 G - a potion of ambrosia
Books
 F - a book of Misfortune

   Spells                             Type                      Level
   a - Confusing Touch                Hexes                        1
   b - Confuse                        Hexes                        3
   c - Gell's Gravitas                Translocation                3
   d - Petrify                        Transmutation/Earth          4
   e - Metabolic Englaciation         Hexes/Ice                    5
   f - Yara's Violent Unravelling     Hexes/Transmutation          5
Comestibles
 f - 4 bread rations
 k - 2 meat rations
 m - 2 royal jellies
 B - 2 fruits


   Skills:
 + Level 2.5 Fighting
 + Level 6.1 Short Blades
 + Level 3.0 Slings
 + Level 3.5 Armour
 + Level 5.0 Dodging
 + Level 2.6 Stealth
 + Level 3.8 Evocations


You had 4 spell levels left.
You knew the following spells:

 Your Spells              Type           Power        Failure   Level  Hunger
a - Confuse               Hex            #.......     92%         3    ####...


Dungeon Overview and Level Annotations

Branches:
Dungeon (5/15)
 Temple: D:4-7

Altars:
Hepliaklqana
Uskayaw
Yredelemnul

Annotations:
D:5 Duvessa, Pikel


Innate Abilities, Weirdness & Mutations

You are small and have problems with some larger weapons.
You are somewhat resistant to further mutation.


Message History

You hit Pikel.
Pikel is almost dead.
Pikel closely misses you. The slave hits you but does no damage.
You barely miss Pikel.
Pikel is almost dead.
Pikel hits you with a whip of electrocution.
You are electrocuted!
* * * LOW HITPOINT WARNING * * *
The slave misses you.
Unknown command.
There is an open door here.
Evoke which item? (* to show all) (? for menu, Esc to quit)
Aiming: Random Effects
Press: ? - help, Shift-Dir - straight line, f/p - Pikel
Aim: Pikel, wielding a whip of electrocution and wearing a robe (almost dead) Pikel resists with significant effort.
This wand has 5 charges left.
Pikel hits you with a whip of electrocution!
* * * LOW HITPOINT WARNING * * *
You are electrocuted!
You die...

#......#............
#...... #............
....... #...##...####
#...##...##..
######...##....#..
########...##...##....#..
#......#...<.....#....#..
#......#.........#....#..
#.....pK@_.......#....#..
#......#.........#<...#..
##......#........)'....#..
#......##...#######....#..
#########..>##...##....#..
#..............##...##..
#..............##...##..
#.......................
#.....).................


You could see Pikel and a slave.

Vanquished Creatures
  Eustachio (D:5)
  An ice beast (D:5)
  3 slaves
  An ogre (D:4)
  A water moccasin skeleton (D:5)
  2 hounds (D:4)
  Natasha (thrice) (D:4)
  An iguana (D:4)
  4 worker ants
  4 gnolls (D:4)
  12 adders
  A shadow imp (D:4)
  An ooze (D:2)
  5 worms
  5 dart slugs
  5 leopard geckos
  2 orcs
  2 ball pythons
  4 giant cockroaches
  11 goblins
  7 hobgoblins
  21 jackals
  8 kobolds
  2 quokkas
  11 bats
  2 frilled lizards
  4 rats
124 creatures vanquished.

Notes
Turn   | Place    | Note
-------+----------+-------------------------------------------
     0 | D:1      | Manul the Halfling Artificer began the quest for the Orb.
     0 | D:1      | Reached XP level 1. HP: 12/12 MP: 3/3
   241 | D:1      | Reached skill level 1 in Fighting
   241 | D:1      | Reached XP level 2. HP: 8/18 MP: 4/4
  1415 | D:1      | Reached XP level 3. HP: 15/23 MP: 5/5
  1660 | D:1      | Reached skill level 1 in Armour
  2137 | D:1      | Reached skill level 2 in Short Blades
  2752 | D:1      | Reached XP level 4. HP: 20/28 MP: 6/6
  3762 | D:2      | Reached skill level 3 in Short Blades
  3762 | D:2      | Reached XP level 5. HP: 30/33 MP: 7/7
  4600 | D:3      | Found a hide-covered altar of Uskayaw.
  5668 | D:4      | Reached XP level 6. HP: 35/39 MP: 8/8
  5841 | D:4      | Reached skill level 4 in Short Blades
  6208 | D:4      | Reached skill level 1 in Slings
  6375 | D:4      | Learned a level 3 spell: Confuse
  6403 | D:4      | Noticed Natasha
  6425 | D:4      | Killed Natasha
  6766 | D:5      | Entered Level 5 of the Dungeon
  6769 | D:5      | Found a hazy altar of Hepliaklqana.
  6771 | D:5      | Noticed an ogre
  6803 | D:4      | Noticed Natasha
  6814 | D:4      | Killed an ogre
  6814 | D:4      | Reached XP level 7. HP: 26/44 MP: 2/9
  6823 | D:4      | Reached skill level 5 in Short Blades
  6826 | D:4      | Killed Natasha
  7109 | D:4      | Noticed Natasha
  7125 | D:4      | Killed Natasha
  7311 | D:5      | Noticed Duvessa
  7332 | D:5      | Found a basalt altar of Yredelemnul.
  7399 | D:5      | Noticed Eustachio
  7445 | D:5      | Noticed Pikel
  8371 | D:5      | Reached XP level 8. HP: 23/50 MP: 7/10
  8551 | D:5      | Killed Eustachio
  8551 | D:5      | Reached skill level 6 in Short Blades
  8551 | D:5      | Reached skill level 5 in Dodging
  9031 | D:5      | Slain by Pikel

Vault maps used:
D:1:      evilmike_arrival_run_for_it
D:3:      eat_drink_and_be_merry_uskayaw
D:4:      lemuel_another_geyser, uniq_natasha
D:5:      kennysheep_kobold_camp, kiku_gazebo_pond_becter,
          overflow_temple_1_default, nicolae_ru_awakened_eye,
          gup_sewer_entry_spiral, first_bread, yredelemnul_altar_generic,
          uniq_duvessa, uniq_pikel, uniq_eustachio

Skill      XL: |  1  2  3  4  5  6  7  8 |
---------------+-------------------------+-----
Fighting       | 1 2 |  2.5
Armour         | 1 2 3 |  3.5
Short Blades   | 2 3 4 5 6 |  6.1
Dodging        | 3 4 5 |  5.0
Stealth        | 2 |  2.6
Slings         | 2 3 |  3.0
Evocations     | |  3.8

Action                   |  1- 3 |  4- 6 |  7- 9 || total
-------------------------+-------+-------+-------++-------
Melee: Short sword       |   140 |   233 |    33 ||   406
       Rapier            |       |    95 |   156 ||   251
 Fire: Hunting sling     |       |    17 |     8 ||    25
Evoke: Wand              |     3 |     9 |    18 ||    30
  Use: Scroll            |       |     7 |     4 ||    11
       Potion            |       |     4 |     5 ||     9
 Stab: Sleeping          |     5 |     1 |       ||     6
       Paralysed         |       |       |     2 ||     2
  Eat: Chunk             |     6 |    12 |     8 ||    26
Armor: Leather armour    |    33 |    77 |    13 ||   123
       Ring mail         |       |       |    31 ||    31
Dodge: Dodged            |   149 |   284 |   184 ||   617
